[Event "Titled Tuesday Blitz January 17 Early 2023"]
[White "Avazkhonov, Alikhon"]
[Black "Aggelis, Nikolaos"]
[WhiteFideId "14208504"]
[BlackFideId "4213220"]
[WhiteElo "1538"]
[BlackElo "2270"]
[Result "0-1"]
[Round "03"]
[TimeControl "180+2"]
[Date "2023.01.17"]
[WhiteClock "0:00:10"]
[BlackClock "0:00:54"]

1. d4 Nf6 2. c4 g6 3. Nc3 d5 4. cxd5 Nxd5 5. e4 Nxc3 6. bxc3 Bg7 7. Be3 O-O 8. Qd2 c5 9. Nf3 Qa5 10. Rb1 Nc6 11. Rb5 cxd4 12. Rxa5 dxe3 13. Qxe3 Nxa5 14. Be2 Be6 15. Kf1 Rac8 16. Nd4 Bxa2 17. g3 Nc4 18. Qc1 Ne5 19. Qa3 Be6 20. Nxe6 fxe6 21. Qxa7 Rxc3 22. Qxb7 Nd3 23. Bxd3 Rxd3 24. Qxe7 Rdf3 25. Qxe6+ Kh8 26. Kg2 Rxf2+ 27. Kh3 R2f6 28. Qd5 Re8 29. Rc1 Rfe6 30. Rc4 Re5 31. Qc6 R5e6 32. Qd7 R6e7 33. Qb5 Re5 34. Qa4 h5 35. Kg2 Kh7 36. Qb4 Bf8 37. Qb7+ Kh8 38. Rc7 Kg8 39. Rh7 Be7 40. Qc6 Kxh7 41. Qxe8 Rxe4 42. Qf7+ Kh6 43. h4 Re5 44. Qg8 Bf6 45. Kf3 Rf5+ 46. Ke4 Bg7 47. Qc8 Kh7 48. Qb7 Rf6 49. Qd7 Rf1 50. Ke3 Rf5 51. Ke2 Kg8 52. Ke3 Rf6 53. Ke2 Kh7 54. Ke3 Ra6 55. Ke2 Ra3 56. Qd5 Rxg3 57. Qe6 Rg4 58. Kf3 Rxh4 59. Qe7 Rg4 60. Qd7 Rg5 61. Qe7 Rf5+ 62. Kg3 Kh6 63. Qd7 Bf6 64. Kh3 Be5 65. Qe6 Kg5 66. Kg2 h4 67. Qc4 Rf4 68. Qc5 Kf5 69. Qf8+ Kg5 70. Qc8 Rf5 71. Qc4 Bg3 72. Qe4 Rf2+ 73. Kg1 Rf4 74. Qe3 Kg4 75. Qe2+ Kf5 76. Qb5+ Kf6 77. Qc6+ Kg5 78. Qd5+ Kh6 79. Qg8 Re4 80. Qh8+ Kg5 81. Qd8+ Kf4 82. Qd5 Re1+ 83. Kg2 Re2+ 84. Kg1 g5 85. Qc4+ Re4 86. Qf1+ Kg4 87. Qd1+ Kf5 88. Qd5+ Be5 89. Kg2 Rd4 90. Qf7+ Bf6 91. Qh7+ Kg4 92. Qc7 h3+ 93. Kg1 Rf4 94. Qc2 Bd4+ 95. Kh1 Rf1+ 96. Kh2 Rf2+ 97. Qxf2 Bxf2 98. Kh1 Bg3 99. Kg1 Be5 100. Kh1 Bh8 101. Kg1 Kf3 102. Kh1 g4 103. Kg1 g3 104. Kh1 Bg7 105. Kg1 Bd4+ 106. Kh1 g2+ 0-1


[Site "https://www.chess.com"]

[Event "Titled Tuesday Blitz January 17 Early 2023"]
[White "Niekras, Dawid"]
[Black "Heinemann, Josefine"]
[WhiteFideId "1160451"]
[BlackFideId "12900460"]
[WhiteElo "2315"]
[BlackElo "2289"]
[Result "1-0"]
[Round "03"]
[TimeControl "180+2"]
[Date "2023.01.17"]
[WhiteClock "0:00:05"]
[BlackClock "0:00:04"]

1. e4 e5 2. Nf3 Nc6 3. Bb5 a6 4. Ba4 Nf6 5. O-O Nxe4 6. d4 b5 7. Bb3 d5 8. dxe5 Be6 9. Qe2 Nc5 10. Rd1 Nxb3 11. axb3 Be7 12. c4 b4 13. Nbd2 O-O 14. Nf1 d4 15. Ng3 Qd7 16. Bg5 Rfd8 17. Bxe7 Qxe7 18. Qe4 Qc5 19. Nf5 Bxf5 20. Qxf5 h6 21. Rd3 Re8 22. Re1 Re6 23. Re4 Rae8 24. Nxd4 Rxe5 25. Rxe5 Rxe5 26. Qc8+ Kh7 27. Nf3 Re2 28. Re3 Rxb2 29. h4 Rb1+ 30. Kh2 Qd6+ 31. g3 Rb2 32. Kg2 Qf6 33. Qg4 a5 34. h5 a4 35. Qe4+ Kg8 36. Qe8+ Kh7 37. Qe4+ Kg8 38. Qe8+ Kh7 39. bxa4 b3 40. Qe4+ Kg8 41. Qe8+ Kh7 42. a5 Ra2 43. Qe4+ Kg8 44. Rxb3 Rxa5 45. Qe8+ Kh7 46. Qe4+ Kg8 47. Rb5 Ra2 48. Qe8+ Kh7 49. Qe4+ Kg8 50. Rf5 Qe6 51. Qxe6 fxe6 52. Rc5 Ne7 53. Rxc7 Nf5 54. Ne5 Ne3+ 55. Kf3 Nd1 56. Ng6 Rxf2+ 57. Ke4 Rf1 58. Rc8+ Kf7 59. Rf8# 1-0


[Site "https://www.chess.com"]

[Event "Titled Tuesday Blitz January 17 Early 2023"]
[White "Royal, Shreyas"]
[Black "Jimenez, Joaquin"]
[WhiteFideId "448869"]
[BlackFideId "109860"]
[WhiteElo "2438"]
[BlackElo "2195"]
[Result "0-1"]
[Round "03"]
[TimeControl "180+2"]
[Date "2023.01.17"]
[WhiteClock "0:01:10"]
[BlackClock "0:00:06"]

1. e4 e6 2. d4 d5 3. Nd2 Nf6 4. exd5 exd5 5. Ngf3 Bd6 6. Bd3 c6 7. O-O O-O 8. c3 Bg4 9. h3 Bh5 10. Qc2 Bg6 11. Ne5 Bxd3 12. Qxd3 Nbd7 13. f4 Re8 14. b4 Ne4 15. Nxe4 dxe4 16. Qc4 Qe7 17. Be3 Nf6 18. Qb3 Nd5 19. Rae1 a5 20. a3 axb4 21. axb4 Bxe5 22. dxe5 b5 23. Bc5 Qe6 24. Rxe4 Nxf4 25. Qd1 Ng6 26. Bd4 Ra2 27. Qf3 Qd5 28. e6 f6 29. Bxf6 gxf6 30. Qxf6 Rxg2+ 31. Kh1 Re7 32. Rd4 Rf2+ 33. Rxd5 Rxf6 34. Rd8+ Kg7 35. Rfd1 Rfxe6 36. R8d7 Rxd7 37. Rxd7+ Kh6 38. Kg2 Re3 39. c4 bxc4 40. Rd4 c3 41. Rc4 Ne5 42. Rc5 Nd3 43. Rxc6+ Kg5 44. b5 c2 45. Rxc2 Ne1+ 46. Kf2 Nxc2 47. b6 Rb3 48. b7 Rxb7 49. Kg3 Kh5 50. h4 Rb4 51. Kh3 Rxh4+ 0-1


[Site "https://www.chess.com"]

[Event "Titled Tuesday Blitz January 17 Early 2023"]
[White "Williams, Simon K"]
[Black "Wahedi, Ahmad Siar"]
[WhiteFideId "404454"]
[BlackFideId "4651260"]
[WhiteElo "2465"]
[BlackElo "2274"]
[Result "1/2-1/2"]
[Round "03"]
[TimeControl "180+2"]
[Date "2023.01.17"]
[WhiteClock "0:00:05"]
[BlackClock "0:00:11"]

1. d4 d5 2. Nc3 e6 3. Bf4 Nf6 4. Nb5 Na6 5. e3 c6 6. Nc3 Nc7 7. Bd3 Bd6 8. Qf3 Bxf4 9. exf4 Qd6 10. O-O-O b6 11. g4 Bb7 12. g5 Nd7 13. f5 O-O-O 14. Qg3 e5 15. Be2 Rde8 16. h4 h6 17. Nf3 Qe7 18. Rhe1 e4 19. Nh2 hxg5 20. hxg5 b5 21. f3 b4 22. Na4 Rh5 23. f4 Rhh8 24. Ng4 f6 25. g6 Qd6 26. Rh1 a5 27. Rh7 Rhg8 28. Ne3 Ba6 29. Bxa6+ Nxa6 30. Qf2 Kb7 31. Kb1 Nc7 32. c4 bxc3 33. Nxc3 Rb8 34. Rc1 Ka7 35. Ka1 Qb4 36. Qd2 Nb5 37. Nc2 Qc4 38. Nxb5+ Qxb5 39. Na3 Qb6 40. Rh3 Rh8 41. Rb3 Qa6 42. Rbc3 Rb6 43. Qc2 Nb8 44. Rc5 Rh3 45. Qd2 Qd3 46. Qxa5+ Kb7 47. Qa4 e3 48. R5c3 Qd2 49. Qc2 Rh2 50. Qxd2 exd2 51. Rd1 Rf2 52. Nb1 Rxf4 53. Rxd2 Rxf5 54. Re3 Ka7 55. Re7+ Rb7 56. Rde2 Rg5 57. Rxb7+ Kxb7 58. Re7+ Kb6 59. Rxg7 c5 60. dxc5+ Kxc5 61. a4 Nc6 62. Ka2 d4 63. Nd2 Rg2 64. Nb3+ Kb6 65. Ka3 d3 66. a5+ Nxa5 67. Nxa5 Kxa5 68. Rd7 d2 69. g7 Kb6 70. Rxd2 Rxg7 71. Rd6+ Kb5 72. Rxf6 Rg3+ 73. b3 Rg8 74. Rf5+ Kb6 75. Kb4 Rg4+ 76. Ka3 Rg3 77. Ka4 Rg4+ 78. b4 Rg1 79. Rf6+ Kb7 80. Ka5 Rg5+ 81. b5 Rg1 82. Rf7+ Kb8 83. Ka6 Rh1 84. Rf8+ Kc7 85. b6+ Kc6 86. Rc8+ Kd7 87. Rc4 Ra1+ 88. Kb7 Rb1 89. Ka7 Ra1+ 90. Kb8 Rb1 91. b7 Ra1 92. Rd4+ Ke7 93. Kc7 Rc1+ 94. Kb6 Rb1+ 95. Kc6 Ke6 96. Rd8 Rc1+ 97. Kb6 Rb1+ 98. Kc6 Rc1+ 99. Kb6 Rb1+ 100. Kc7 Rc1+ 101. Kb8 Rb1 102. Rd3 Ke7 103. Kc8 Rc1+ 104. Kb8 Rb1 105. Rd5 Rb2 106. Rc5 Kd7 107. Rc7+ Kd8 108. Rc3 Rb1 109. Rc5 Kd7 110. Ka7 Ra1+ 111. Kb6 Rb1+ 112. Rb5 Rxb5+ 113. Kxb5 Kc7 114. Ka6 Kb8 115. Kb6 1/2-1/2


[Site "https://www.chess.com"]

[Event "Titled Tuesday Blitz January 17 Early 2023"]
[White "Sreyas Payyappat"]
[Black "Leiva, Gianmarco"]
[WhiteFideId "46674969"]
[BlackFideId "3804399"]
[WhiteElo "2076"]
[BlackElo "2392"]
[Result "0-1"]
[Round "03"]
[TimeControl "180+2"]
[Date "2023.01.17"]
[WhiteClock "0:00:28"]
[BlackClock "0:00:53"]

1. e4 c5 2. Nf3 d6 3. d4 cxd4 4. Nxd4 Nf6 5. Nc3 a6 6. h4 e5 7. Nb3 Be7 8. Bg5 Be6 9. Bxf6 Bxf6 10. g3 Be7 11. Qd2 Nd7 12. O-O-O Rc8 13. Bh3 Nf6 14. f4 b5 15. fxe5 dxe5 16. Qg5 Qc7 17. Bxe6 fxe6 18. Rh2 Nxe4 19. Qxg7 Bg5+ 20. hxg5 Qxg7 21. Nxe4 O-O 22. Nbc5 Rxc5 23. Nxc5 Qxg5+ 24. Kb1 Qxg3 25. Rhh1 Kh8 26. Rd7 Qh3 27. Rhd1 h5 28. a3 Rf1 29. Rd8+ Kh7 30. Rd7+ Kg6 31. Ka2 Rxd1 32. Rxd1 Qg4 33. Rd6 Qc4+ 34. Nb3 h4 35. Kb1 h3 36. Nd2 h2 0-1


[Site "https://www.chess.com"]

[Event "Titled Tuesday Blitz January 17 Early 2023"]
[White "Rangel, Daniel"]
[Black "Estrada Nieto, Julian"]
[WhiteFideId "2124475"]
[BlackFideId "5101018"]
[WhiteElo "2207"]
[BlackElo "2215"]
[Result "0-1"]
[Round "03"]
[TimeControl "180+2"]
[Date "2023.01.17"]
[WhiteClock "0:00:09"]
[BlackClock "0:00:10"]

1. c4 e5 2. g3 Nf6 3. Bg2 d5 4. cxd5 Nxd5 5. Nf3 Nc6 6. O-O Nb6 7. b3 Be7 8. Bb2 f6 9. Na3 O-O 10. Nc2 Bg4 11. h3 Bh5 12. g4 Bf7 13. d4 exd4 14. Ncxd4 Nxd4 15. Qxd4 Qxd4 16. Nxd4 c6 17. Nf5 Rfe8 18. e4 Bf8 19. Rfd1 Red8 20. h4 a5 21. g5 Nd7 22. gxf6 Nxf6 23. e5 Nd5 24. Re1 Be6 25. Nd4 Re8 26. Nxe6 Rxe6 27. Bxd5 cxd5 28. f4 g6 29. Rad1 Rd8 30. Kg2 Ra6 31. Rd3 Kf7 32. e6+ Rxe6 33. Rxe6 Kxe6 34. Kf3 Rc8 35. Re3+ Kf7 36. Be5 Rc2 37. a4 Bc5 38. Rd3 Ke6 39. Kg4 Rg2+ 40. Kf3 Rf2+ 41. Kg4 h5+ 42. Kg5 Rg2+ 43. Kh6 Rg4 44. Rc3 b6 45. Rd3 Rg2 46. Kg7 Rg4 47. Rf3 Kf5 48. Rf1 d4 49. Rd1 Ke4 50. Kf6 d3 51. Ke6 Rg2 52. Kf6 d2 53. Bc3 Kd3 54. Bxd2 Rxd2 55. Rxd2+ Kxd2 56. Kxg6 Ke3 57. f5 Be7 58. Kxh5 Kf4 59. Kg6 Bxh4 60. f6 Ke4 61. f7 Be7 62. Kh5 Kd4 63. Kg6 Kc3 64. Kf5 Kxb3 65. Ke6 Bf8 66. Kd7 Kxa4 67. Kc6 Kb4 68. Kd5 a4 69. Kc6 a3 70. Kd7 Bc5 71. Ke8 a2 72. f8=Q Bxf8 0-1


[Site "https://www.chess.com"]

[Event "Titled Tuesday Blitz January 17 Early 2023"]
[White "Jaskolka, Tomasz"]
[Black "Tarlabasi, Emirhan"]
[WhiteFideId "1170791"]
[BlackFideId "6350275"]
[WhiteElo "2238"]
[BlackElo "2300"]
[Result "1/2-1/2"]
[Round "03"]
[TimeControl "180+2"]
[Date "2023.01.17"]
[WhiteClock "0:00:04"]
[BlackClock "0:00:05"]

1. d4 d5 2. c4 e6 3. g3 Nf6 4. Bg2 Be7 5. Nf3 O-O 6. O-O dxc4 7. Qc2 a6 8. a4 Bd7 9. Qxc4 Bc6 10. Bg5 Bd5 11. Qc2 Be4 12. Qc1 Nc6 13. Rd1 Bxf3 14. Bxf3 Nxd4 15. Kg2 c5 16. e3 Nb3 17. Rxd8 Nxc1 18. Rxa8 Rxa8 19. Bxb7 Rb8 20. Bxa6 Rxb2 21. Na3 Nb3 22. Rb1 Rxb1 23. Nxb1 h6 24. Bf4 Nd5 25. Be5 Nb6 26. Nc3 Bf6 27. Bxf6 gxf6 28. Kf3 f5 29. Ke2 e5 30. Bb5 Kg7 31. f4 e4 32. h3 h5 33. Kd1 Na5 34. Kc2 Kf8 35. Be2 Ke7 36. Bxh5 Nac4 37. Be2 Nxe3+ 38. Kb3 Kd6 39. a5 Nc8 40. a6 Kc6 41. h4 Kb6 42. h5 Nd6 43. h6 f6 44. Bh5 c4+ 45. Ka2 Nc2 46. h7 Nb4+ 47. Kb2 Nd3+ 48. Ka3 e3 49. h8=Q e2 50. Bxe2 Kc5 51. Qxf6 Ne4 52. Qe5+ Nxe5 53. fxe5 Nxc3 54. a7 Nb5+ 55. Kb2 Nxa7 56. Kc3 Nc6 57. Bxc4 Nxe5 58. Be6 Kd6 59. Bxf5 Ke7 60. Kd4 Kf6 61. Ke4 Nf7 62. Kf4 Nd6 63. Bd3 Nf7 64. g4 Ng5 65. Bc4 Nh3+ 66. Kf3 Ng5+ 67. Kg3 Ne4+ 68. Kf4 Ng5 69. Bf1 Ne6+ 70. Kg3 Kg5 71. Bc4 Nf4 72. Kf3 Ng6 73. Kg3 Ne5 74. Be6 Nd3 75. Kh3 Nc5 76. Kg3 Nxe6 77. Kh3 Nd4 78. Kg3 Ne6 79. Kh3 Kf4 80. Kh4 Ng5 81. Kh5 Ne4 82. Kh4 Nd6 83. g5 Ne8 84. Kh5 Kf5 85. Kh6 Nd6 86. g6 Ne4 87. Kg7 Nf6 88. Kf7 Nh5 89. Ke7 Kxg6 1/2-1/2


[Site "https://www.chess.com"]

[Event "Titled Tuesday Blitz January 17 Early 2023"]
[White "Tasev, Dejan"]
[Black "Bruned, Yvain"]
[WhiteFideId "936618"]
[BlackFideId "2250292"]
[WhiteElo "2205"]
[BlackElo "2286"]
[Result "0-1"]
[Round "03"]
[TimeControl "180+2"]
[Date "2023.01.17"]
[WhiteClock "0:00:02"]
[BlackClock "0:00:36"]

1. e4 b6 2. d4 Bb7 3. Nc3 e6 4. Nf3 Bb4 5. Bd3 Nf6 6. Qe2 d5 7. e5 Ne4 8. Bd2 Nxd2 9. Qxd2 Be7 10. Ne2 c5 11. c3 Ba6 12. O-O O-O 13. Ng3 Bxd3 14. Qxd3 Nc6 15. h3 Rc8 16. a3 cxd4 17. cxd4 Na5 18. Rac1 Qd7 19. Nh2 Rxc1 20. Rxc1 Rc8 21. Rc3 Rxc3 22. Qxc3 Qc6 23. Qxc6 Nxc6 24. Ne2 Na5 25. Nc1 Nc4 26. Nd3 h5 27. Nf3 g6 28. Kf1 Kf8 29. a4 a6 30. Ke2 Ke8 31. Kd1 Kd7 32. Kc2 b5 33. axb5 axb5 34. b3 Na5 35. b4 Nc6 36. Kc3 Ke8 37. Nc5 Kf8 38. Ne1 Bh4 39. g3 Be7 40. Nc2 Ke8 41. Na3 Na7 42. f3 Kd8 43. g4 hxg4 44. fxg4 Bh4 45. Nb7+ Ke7 46. Nd6 Be1+ 47. Kb3 Nc6 48. Naxb5 Bxb4 49. Nc8+ Kf8 50. Nb6 Be1 51. Kc2 Ba5 52. Nd7+ Kg7 53. Nf6 Bd8 54. g5 Ba5 55. Kd3 Be1 56. Ke3 Bh4 57. Kf4 Bf2 58. Nd6 Bxd4 59. Nfe8+ Kf8 60. Nxf7 Kxf7 61. Nd6+ Ke7 62. Nc8+ Kd7 0-1


[Site "https://www.chess.com"]

[Event "Titled Tuesday Blitz January 17 Early 2023"]
[White "Maksimenko, Viktor"]
[Black "Mamedov, Edgar"]
[WhiteFideId "13710478"]
[BlackFideId "13739980"]
[WhiteElo "2196"]
[BlackElo "2193"]
[Result "1/2-1/2"]
[Round "03"]
[TimeControl "180+2"]
[Date "2023.01.17"]
[WhiteClock "0:00:06"]
[BlackClock "0:00:04"]

1. c4 c6 2. e4 d5 3. exd5 cxd5 4. d4 Nf6 5. Nc3 Nc6 6. Nf3 Be6 7. c5 g6 8. Bb5 Bg7 9. Ne5 Bd7 10. Nxd7 Nxd7 11. Be3 e6 12. O-O O-O 13. a3 a6 14. Be2 Qf6 15. Qa4 Nxc5 16. dxc5 d4 17. Bd2 dxc3 18. Bxc3 Nd4 19. Bc4 Qg5 20. Bxd4 Bxd4 21. Bxe6 Qxc5 22. Rac1 Qe5 23. Ba2 Bxb2 24. Rc2 Bd4 25. Qb3 b6 26. g3 Bc5 27. Qf3 Kg7 28. Kg2 Ra7 29. h4 h5 30. Rc4 Re7 31. Rf4 Qb2 32. Bc4 Qxa3 33. Qxa3 Bxa3 34. Bxa6 Bc5 35. Bc4 Rd8 36. Ra1 Rd4 37. Rxd4 Bxd4 38. Ra2 Bc5 39. Bb5 Re4 40. Bc6 Re6 41. Bd5 Rd6 42. Bc4 Rd7 43. Rc2 Rc7 44. Re2 Bxf2 45. Bd5 Bc5 46. Bb3 Rd7 47. Bc4 Rd4 48. Bb5 Rb4 49. Bc6 Bd6 50. Rd2 Be5 51. Rd7 Rb3 52. Rxf7+ Kxf7 53. Bd5+ Ke7 54. Bxb3 Kd6 55. Bf7 g5 56. hxg5 Ke7 57. Bxh5 Kf8 58. Be2 Kg7 59. Bb5 Bd6 60. Kf3 Be7 61. Kf4 Bd6+ 1/2-1/2


[Site "https://www.chess.com"]

[Event "Titled Tuesday Blitz January 17 Early 2023"]
[White "Ismagilov, Damir"]
[Black "Horcajuelo Rocamora, Martin"]
[WhiteFideId "34199982"]
[BlackFideId "24573027"]
[WhiteElo "2156"]
[BlackElo "2107"]
[Result "0-1"]
[Round "03"]
[TimeControl "180+2"]
[Date "2023.01.17"]
[WhiteClock "0:01:23"]
[BlackClock "0:01:18"]

1. e4 c5 2. Nf3 e6 3. g3 Nc6 4. Bg2 g6 5. d4 cxd4 6. Nxd4 Bg7 7. Be3 a6 8. O-O Nge7 9. Nc3 O-O 10. Kh1 b5 11. f4 Bb7 12. e5 Na5 13. Ne4 Nc4 14. Bf2 Nxb2 15. Qc1 Nc4 16. Nf6+ Bxf6 17. Bxb7 Bg7 18. Bxa8 Qxa8+ 19. Kg1 Rc8 20. Qd1 Nd5 21. Qf3 Nd2 22. Qe4 Nxe4 0-1


[Site "https://www.chess.com"]

[Event "Titled Tuesday Blitz January 17 Early 2023"]
[White "Kochetov, Andrey"]
[Black "Legenia, Artem"]
[WhiteFideId "24130532"]
[BlackFideId "14136945"]
[WhiteElo "2165"]
[BlackElo "2092"]
[Result "1-0"]
[Round "03"]
[TimeControl "180+2"]
[Date "2023.01.17"]
[WhiteClock "0:01:20"]
[BlackClock "0:02:07"]

1. e4 b6 2. d4 Bb7 3. Bd3 e6 4. f4 a6 5. Nf3 d6 6. O-O Nd7 7. c3 Ne7 8. Qe2 g6 9. Be3 Bg7 10. Nbd2 O-O 11. Rae1 c5 12. g4 h6 13. f5 exf5 14. gxf5 Nf6 15. e5 cxd4 16. exf6 dxe3 17. fxg7 Kxg7 18. f6+ Kxf6 19. Qxe3 Kg7 20. Qxe7 1-0


[Site "https://www.chess.com"]

[Event "Titled Tuesday Blitz January 17 Early 2023"]
[White "Hamley, Ryan"]
[Black "Degenbaev, Aziz"]
[WhiteFideId "30959497"]
[BlackFideId "13802640"]
[WhiteElo "2092"]
[BlackElo "2203"]
[Result "0-1"]
[Round "03"]
[TimeControl "180+2"]
[Date "2023.01.17"]
[WhiteClock "0:00:04"]
[BlackClock "0:00:06"]

1. Nf3 Nf6 2. d4 g6 3. Nbd2 d5 4. b4 Bg7 5. e3 O-O 6. Bb2 b6 7. a4 a6 8. c4 dxc4 9. Bxc4 Bb7 10. O-O Ne4 11. Rc1 e6 12. Nxe4 Bxe4 13. Ne5 Nd7 14. Nd3 Qg5 15. Nf4 e5 16. dxe5 Nxe5 17. Be2 Rfd8 18. Qb3 Rd2 19. Bxe5 Bxe5 20. f3 Bb7 21. Nh3 Qf6 22. Bc4 Rad8 23. Rf2 Rxf2 24. Nxf2 Kg7 25. Rd1 Rxd1+ 26. Qxd1 Qc6 27. Qb3 Qd6 28. g3 Bxf3 29. Bxa6 Bxg3 30. hxg3 Qxg3+ 31. Kf1 Qg2+ 32. Ke1 Qg1+ 33. Kd2 Qxf2+ 34. Kc1 Qe1+ 35. Kb2 Qd2+ 36. Ka3 Bd5 37. Qb2+ Qxb2+ 38. Kxb2 h5 39. Bf1 g5 40. a5 bxa5 41. bxa5 g4 42. Kc3 h4 43. Kd4 Ba8 44. Ke5 h3 45. Kf4 h2 0-1


[Site "https://www.chess.com"]

[Event "Titled Tuesday Blitz January 17 Early 2023"]
[White "Djokovic, Nebojsa"]
[Black "Dudzinski, Pawel"]
[WhiteFideId "938300"]
[BlackFideId "1117890"]
[WhiteElo "2119"]
[BlackElo "2186"]
[Result "1/2-1/2"]
[Round "03"]
[TimeControl "180+2"]
[Date "2023.01.17"]
[WhiteClock "0:00:15"]
[BlackClock "0:00:10"]

1. c4 e5 2. Nc3 c5 3. g3 Nc6 4. Bg2 g6 5. d3 Bg7 6. Nf3 Rb8 7. O-O Nge7 8. Rb1 a6 9. b3 b5 10. Bb2 O-O 11. Qd2 d6 12. h4 b4 13. Nd1 h6 14. e3 f5 15. Ne1 Be6 16. d4 exd4 17. exd4 Nxd4 18. Nd3 Kh7 19. Nf4 Bf7 20. Ne3 g5 21. Nfd5 Nxd5 22. Nxd5 f4 23. Be4+ Kh8 24. hxg5 Qxg5 25. Nxf4 Rbe8 26. Qd3 Bxc4 27. bxc4 Rxf4 28. Rbe1 Rexe4 29. Rxe4 Nf3+ 30. Kg2 Nh4+ 31. Kh2 Nf3+ 32. Kg2 Nh4+ 33. Kg1 Nf3+ 34. Kg2 1/2-1/2


[Site "https://www.chess.com"]

[Event "Titled Tuesday Blitz January 17 Early 2023"]
[White "Batsiashvili, Nino"]
[Black "Aizpurua, Patrick Emilio"]
[WhiteFideId "13602993"]
[BlackFideId "6600522"]
[WhiteElo "2467"]
[BlackElo "2304"]
[Result "1-0"]
[Round "03"]
[TimeControl "180+2"]
[Date "2023.01.17"]
[WhiteClock "0:00:24"]
[BlackClock "0:00:15"]

1. d4 Nf6 2. c4 e6 3. Nc3 Bb4 4. Nf3 d5 5. Bg5 O-O 6. e3 b6 7. cxd5 exd5 8. Bd3 Bb7 9. O-O Nbd7 10. Ne5 Be7 11. Qf3 h6 12. Bf4 a6 13. Rac1 c5 14. Rfd1 Rc8 15. Bf5 cxd4 16. exd4 b5 17. Qh3 Nb6 18. Bxc8 Bxc8 19. Qg3 Nh5 20. Qf3 Nxf4 21. Nc6 Qd6 22. Nxe7+ Qxe7 23. Qxf4 Be6 24. b3 Re8 25. h3 Qb4 26. Re1 a5 27. Qc7 Nc8 28. Nxd5 Qxd4 29. Nf4 Qf6 30. Nxe6 fxe6 31. Qd7 Qf8 32. Rxe6 Rxe6 33. Qxe6+ 1-0


[Site "https://www.chess.com"]

[Event "Titled Tuesday Blitz January 17 Early 2023"]
[White "Korchmar, Vasiliy"]
[Black "Donskov, Anatoly"]
[WhiteFideId "24131750"]
[BlackFideId "24143413"]
[WhiteElo "2438"]
[BlackElo "2279"]
[Result "1-0"]
[Round "03"]
[TimeControl "180+2"]
[Date "2023.01.17"]
[WhiteClock "0:01:05"]
[BlackClock "0:00:01"]

1. e4 c5 2. Nf3 e6 3. d4 cxd4 4. Nxd4 Nf6 5. Nc3 Nc6 6. Nxc6 bxc6 7. e5 Nd5 8. Nxd5 cxd5 9. Bd3 d6 10. Bf4 Be7 11. Qg4 Kf8 12. O-O h5 13. Qe2 dxe5 14. Bxe5 Bf6 15. f4 g6 16. c4 Bb7 17. c5 Kg7 18. b4 Rc8 19. Rac1 d4 20. b5 Bd5 21. c6 h4 22. h3 Bxe5 23. Qxe5+ Qf6 24. a4 Rh5 25. Qxf6+ Kxf6 26. Be2 Rhh8 27. Rcd1 e5 28. fxe5+ Kxe5 29. Bf3 Bxf3 30. Rxf3 Rhd8 31. Rxf7 d3 32. Rxa7 Kd4 33. a5 Kc3 34. Rd7 Rxd7 35. cxd7 Rd8 36. b6 Rxd7 37. a6 1-0


[Site "https://www.chess.com"]

[Event "Titled Tuesday Blitz January 17 Early 2023"]
[White "Gurevich, Dmitry"]
[Black "Malyi, Viacheslav"]
[WhiteFideId "2000407"]
[BlackFideId "14123983"]
[WhiteElo "2393"]
[BlackElo "2391"]
[Result "1-0"]
[Round "03"]
[TimeControl "180+2"]
[Date "2023.01.17"]
[WhiteClock "0:00:50"]
[BlackClock "0:00:55"]

1. d4 Nf6 2. c4 e6 3. Nc3 d5 4. Nf3 Be7 5. g3 O-O 6. Bg2 dxc4 7. Ne5 Nc6 8. Bxc6 bxc6 9. Nxc6 Qe8 10. Nxe7+ Qxe7 11. Qa4 c5 12. Qxc4 cxd4 13. Qxd4 e5 14. Qh4 h6 15. O-O Bb7 16. Be3 Qe6 17. f3 Nd5 18. Nxd5 Qxd5 19. Rfd1 Qb5 20. Rd2 e4 21. f4 a5 22. Qe7 a4 23. Rc1 Rac8 24. Rxc8 Rxc8 25. Rd8+ Rxd8 26. Qxd8+ Kh7 27. Qd2 Bd5 28. a3 Qc4 29. Kf2 Be6 30. Bd4 Bg4 31. Bc3 f6 32. Qe3 f5 33. Ke1 h5 34. Kd2 Qb5 35. Ke1 Qc4 36. Kf2 Qb5 37. h3 Bxh3 38. Qa7 e3+ 39. Ke1 1-0


[Site "https://www.chess.com"]

[Event "Titled Tuesday Blitz January 17 Early 2023"]
[White "Garv Gaur"]
[Black "Iskusnyh, Sergei"]
[WhiteFideId "45030839"]
[BlackFideId "4120027"]
[WhiteElo "2006"]
[BlackElo "2440"]
[Result "0-1"]
[Round "03"]
[TimeControl "180+2"]
[Date "2023.01.17"]
[WhiteClock "0:00:03"]
[BlackClock "0:00:10"]

1. d4 d5 2. Nf3 Nf6 3. c4 c6 4. g3 Bf5 5. Nc3 e6 6. Nh4 Be4 7. f3 Bg6 8. Qb3 Qb6 9. Nxg6 hxg6 10. c5 Qc7 11. e4 Nbd7 12. Bf4 Qc8 13. Bd6 dxe4 14. fxe4 Bxd6 15. cxd6 e5 16. Bc4 O-O 17. O-O-O b5 18. Be2 a5 19. g4 exd4 20. Rxd4 a4 21. Qc2 Ne5 22. g5 Nh5 23. Qd1 a3 24. b3 Qh3 25. Kc2 b4 26. Rxb4 Nf4 27. Bf1 Qh4 28. Qd2 Rad8 29. Bc4 Qxg5 30. Rf1 Nh3 31. Qxg5 Nxg5 32. Rd1 Ne6 33. Rb7 c5 34. Nd5 Nd4+ 35. Kc3 Rxd6 36. Ne7+ Kh7 37. Rc7 Nb5+ 38. Bxb5 Rxd1 39. Rxc5 f6 40. Nd5 Ra1 41. Kb4 Rxa2 42. Rc7 Rxh2 43. Kxa3 Kh6 44. Rc3 g5 45. Ne3 g4 46. Nf5+ Kg6 47. Rg3 Rh3 48. Rg1 Rb8 49. Be2 Rhxb3+ 50. Ka4 R3b4+ 51. Ka5 Rb2 52. Bxg4 Ra2# 0-1


[Site "https://www.chess.com"]

[Event "Titled Tuesday Blitz January 17 Early 2023"]
[White "Bon, Michael"]
[Black "Saravana, Krishnan P."]
[WhiteFideId "620696"]
[BlackFideId "5018382"]
[WhiteElo "2394"]
[BlackElo "2284"]
[Result "1-0"]
[Round "03"]
[TimeControl "180+2"]
[Date "2023.01.17"]
[WhiteClock "0:00:12"]
[BlackClock "0:00:16"]

1. e4 c6 2. d4 d5 3. e5 Qb6 4. Nc3 f6 5. Bd3 g6 6. f4 Nh6 7. Nf3 Bg4 8. exf6 exf6 9. O-O Bd6 10. Qe1+ Kf7 11. Ne5+ Kg7 12. Nxg4 Nxg4 13. Qh4 Qxd4+ 14. Kh1 h5 15. f5 g5 16. Bxg5 Nf2+ 17. Rxf2 Qe5 18. Re2 Qxh2+ 19. Qxh2 Bxh2 20. Kxh2 fxg5 21. Re7+ Kf6 22. Rae1 g4 23. R1e6+ Kg5 24. Kg3 h4+ 25. Kf2 Na6 26. Rg6+ Kf4 27. Ne2# 1-0


[Site "https://www.chess.com"]

[Event "Titled Tuesday Blitz January 17 Early 2023"]
[White "Jiang, Andrew"]
[Black "Ginzburg, Yakov"]
[WhiteFideId "30953510"]
[BlackFideId "4157176"]
[WhiteElo "2201"]
[BlackElo "2405"]
[Result "0-1"]
[Round "03"]
[TimeControl "180+2"]
[Date "2023.01.17"]
[WhiteClock "0:00:49"]
[BlackClock "0:00:09"]

1. e4 c5 2. g3 e6 3. Bg2 d5 4. exd5 exd5 5. d4 Nf6 6. Ne2 Be7 7. O-O O-O 8. dxc5 Na6 9. Nbc3 Bg4 10. h3 Bxe2 11. Qxe2 Nxc5 12. Rd1 d4 13. Be3 Ne6 14. Nb5 dxe3 15. Rxd8 exf2+ 16. Qxf2 Raxd8 17. Kh2 Bc5 18. Qf5 a6 19. Nc3 Rd2 20. Rd1 Rf2 21. Qe5 Rxc2 22. Nd5 Nxd5 23. Rxd5 Bb6 24. Rd7 Bc7 25. Qf5 Rxb2 26. h4 g6 27. Qf6 Rxa2 28. Kh3 Ra3 29. Rxc7 Nxc7 30. Qd6 Rc3 31. Bxb7 Rb8 32. Bxa6 Nxa6 33. Qxa6 Rbb3 34. Qa8+ Kg7 35. Qa1 h5 36. Kh2 Kh7 37. Qa7 Rf3 38. Qe7 Rb2+ 39. Kg1 Rxg3+ 40. Kf1 Rf3+ 41. Ke1 Rf5 42. Kd1 Rbf2 43. Ke1 R2f4 44. Ke2 Rf6 45. Kd3 R4f5 46. Qd7 Kg7 47. Ke4 Rf4+ 48. Ke3 Rxh4 49. Qd8 Rhf4 50. Qd7 h4 51. Qd1 h3 52. Qh1 Rf3+ 53. Ke4 R6f4+ 54. Kd5 g5 55. Qg1 Kg6 56. Qb1+ Rf5+ 57. Ke4 h2 58. Qb6+ Rf6 59. Qb1 Rf1 60. Qd3 h1=Q+ 61. Ke5+ R1f5+ 62. Kd4 Rd6+ 63. Kc4 Rxd3 64. Kxd3 Rf4 65. Ke3 Qh3+ 66. Ke2 Rg4 0-1


[Site "https://www.chess.com"]

[Event "Titled Tuesday Blitz January 17 Early 2023"]
[White "Gressmann, Moritz"]
[Black "Pham, Khoi"]
[WhiteFideId "24695084"]
[BlackFideId "1054988"]
[WhiteElo "2129"]
[BlackElo "2355"]
[Result "0-1"]
[Round "03"]
[TimeControl "180+2"]
[Date "2023.01.17"]
[WhiteClock "0:00:06"]
[BlackClock "0:00:11"]

1. d4 Nf6 2. Nf3 g6 3. g3 Bg7 4. Bg2 O-O 5. O-O d6 6. c4 Bf5 7. Nc3 c6 8. Re1 Ne4 9. Nh4 Nxc3 10. bxc3 Bc8 11. Rb1 e5 12. Ba3 Re8 13. e4 b6 14. c5 dxc5 15. dxc5 b5 16. c4 a6 17. Qd6 Bf8 18. Qxd8 Rxd8 19. Red1 Re8 20. Nf3 f6 21. Nd2 Be6 22. Bf1 Nd7 23. Nb3 bxc4 24. Na5 Bxc5 25. Bxc5 Nxc5 26. Rb6 Nxe4 27. Rxc6 c3 28. Bg2 Ng5 29. Rxc3 Rac8 30. Nc6 Kg7 31. Ra3 Bc4 32. Rd7+ Nf7 33. Rc3 Bb5 34. h4 e4 35. Bxe4 Rxe4 36. Nd8 Bxd7 0-1


[Site "https://www.chess.com"]